 Dungeon Crawl Stone Soup version 0.32-a0-338-g4f8ebfe289 (webtiles) character file.

Game seed: 13925296411775276369

1152 Kenran the Cleaver (level 8, -2/59 HPs)
             Began as a Mountain Dwarf Ice Elementalist on Feb 17, 2024.
             Was a Follower of Hepliaklqana.
             Slain by a troll (14 damage)
             ... on level 5 of the Dungeon.
             The game lasted 00:09:47 (5410 turns).

Kenran the Cleaver (MDIE)                           Turns: 5410, Time: 00:09:48

Health: -2/59      AC:  6    Str: 12    XL:     8   Next: 16%
Magic:  10/10      EV: 10    Int: 20    God:    Hepliaklqana [*.....]
Gold:   237        SH:  0    Dex: 10    Spells: 9/10 levels left

rFire   . . .        a - +0 war axe
rCold   . . .        (no shield)
rNeg    . . .        C - +0 ring mail of Ceitzel {Int+3 Slay+2}
rPois   +            (no helmet)
rElec   .            p - scarf {shadows}
rCorr   +            j - +0 pair of gloves
SInv    .            (no boots)
Will    .....        (no amulet)
Stlth   +            B - ring of resist corrosion
HPRegen 0.29/turn    n - ring of poison resistance
MPRegen 0.12/turn

%: no passive effects
@: no status effects
A: reduced essence, runic magic, artefact enchanting
a: Renounce Religion, Recall Ancestor, Ancestor Identity


You were on level 5 of the Dungeon.
You worshipped Hepliaklqana.
Hepliaklqana was aware of your devotion.
You visited 1 branch of the dungeon, and saw 5 of its levels.
You also visited: Sewer.

You collected 272 gold pieces.
You spent 35 gold pieces at shops.

Inventory:

Hand Weapons
 a - a +0 war axe (weapon)
 f - a +0 hand axe
Missiles
 h - 2 throwing nets
 y - 2 curare-tipped darts
Armour
 j - a +0 pair of gloves (worn)
 m - a +0 chain mail
 p - a scarf of shadows (worn)
 A - the +2 leather armour "Birette" {rElec rN+}
   (You found it on level 4 of the Dungeon)

   rElec:     It insulates you from electricity.
   rN+:       It protects you from negative energy.
 C - the +0 ring mail of Ceitzel (worn) {Int+3 Slay+2}
   (You found it on level 4 of the Dungeon)

   Int+3:     It affects your intelligence (+3).
   Slay+2:    It affects your accuracy & damage with ranged weapons and melee
   (+2).
Jewellery
 n - a ring of poison resistance (right hand)
 w - a ring of positive energy
 B - a ring of resist corrosion (left hand)
Wands
 q - a wand of flame (20)
Scrolls
 e - 4 scrolls of teleportation
 l - a scroll of enchant armour {unknown}
 s - a scroll of torment {!r}
 u - a scroll of enchant weapon {unknown}
 x - 3 scrolls of identify {@r1}
 z - a scroll of fear {unknown}
 E - a scroll of acquirement {unknown}
Potions
 b - a potion of magic
 c - 2 potions of curing {@q1}
 d - a potion of mutation {!q}
 g - a potion of haste
 i - 2 potions of brilliance {unknown}
 k - a potion of degeneration {unknown}
 o - a potion of heal wounds {unknown}
 r - 2 potions of invisibility {unknown}
 t - a potion of berserk rage {unknown}
 v - a potion of might {unknown}
 D - 2 potions of enlightenment {unknown}


   Skills:
 + Level 4.1 Fighting
 - Level 10.0 Axes
 + Level 2.5 Armour
 - Level 1.3 Dodging
 - Level 1.4 Stealth
 - Level 1.7 Spellcasting
 - Level 3.6 Ice Magic


You had 9 spell levels left.
You knew the following spells:

 Your Spells              Type           Power      Damage    Failure   Level
a - Freeze                Ice            64%        1d7       4%          1

Your spell library contained the following spells:

 Spells                   Type           Power      Damage    Failure   Level
 Frozen Ramparts          Ice            32%        1d5       13%         3
 Ozocubu's Armour         Ice            16%        N/A       13%         3
 Apportation              Tloc           2%         N/A       19%         1
 Necrotise                Necr           4%         1d4       19%         1
 Sting                    Conj/Alch      4%         1d3       19%         1
 Summon Small Mammal      Summ           4%         N/A       19%         1
 Summon Ice Beast         Ice/Summ       8%         N/A       28%         3
 Volatile Blastmotes      Fire/Tloc      2%         2d10      50%         3
 Fulminant Prism          Conj/Alch      0%         3d5       88%         4
 Iskenderun's Mystic Bla  Conj/Tloc      1%         2d3       88%         4


Dungeon Overview and Level Annotations

Branches:
Dungeon (5/15)              Sewer (visited)
 Temple: D:4-7

Altars:
Cheibriados
Dithmenos
Hepliaklqana
Nemelex Xobeh
Ru
Sif Muna
Uskayaw
Vehumet
The Shining One

Shops:
D:4 ([((

Annotations:
D:3 Grinder


Innate Abilities, Weirdness & Mutations

Your life essence is reduced to manifest your ancestor. (-10% HP)
Your spellcasting is much less encumbered by armour.
You can use scrolls of enchantment on lesser artefacts.


Message History

The adder bites you.
You hit the adder.
You kill the adder!
No target in view!
You see here an adder corpse.
Niop Dunk barely misses the troll.
You slash the troll!
The troll is moderately wounded.
The troll bites you but does no damage.
The troll claws you but does no damage. x2
Niop Dunk hits the troll but does no damage.
You closely miss the troll.
The troll is moderately wounded.
The troll bites you! The troll barely misses you. The troll claws you!
Niop Dunk hits the troll.
You are too injured to fight recklessly!
You are too injured to fight recklessly!
You are too injured to fight recklessly!
You closely miss the troll.
The troll is moderately wounded.
The troll closely misses you. The troll claws you.
The troll claws you but does no damage.
Niop Dunk hits the troll.
You closely miss the troll.
The troll is moderately wounded.
The troll barely misses you. The troll claws you but does no damage.
The troll closely misses you.
Niop Dunk completely misses the troll.
You slash the troll!
The troll is heavily wounded.
The troll bites you!
The troll claws you but does no damage. x2
Niop Dunk hits the troll.
You hit the troll but do no damage.
The troll is severely wounded.
The troll bites you!
* * * LOW HITPOINT WARNING * * *
The troll misses you. The troll claws you but does no damage.
Niop Dunk hits the troll.
You hit the troll.
The troll is almost dead.
The troll bites you!
You die...
Hepliaklqana delivers you to your ancestors.

#.. #.. #.. #..
###### #..
#####....## #..
#$?#.####.# #.
###?!#.# #.# #
#@T###.# #.#
#.R###.####.#
###..##.#..##
###..##.#..#
#..####.#'#######
#..####.#....'..##
###....##.ßß.##...
#######.ßß.###..
#....# #..


You could see the friendly Niop Dunk the ancestor and a troll (ally target).

Vanquished Creatures
  Pargi (Sewer)
  2 phantoms (D:4)
  2 kobold brigands (Sewer)
  A scorpion (D:5)
  A howler monkey (D:5)
  A bombardier beetle (D:5)
  A jelly (D:4)
  An orc priest (D:5)
  2 hounds
  A sleepcap (D:5)
  Ijyb (D:3)
  Terence (D:3)
  3 orc wizards
  7 gnolls (D:4)
  2 river rats (D:4)
  6 adders
  An ufetubus (D:5)
  5 ribbon worms
  6 dart slugs
  5 orcs
  11 ball pythons
  4 bats
  5 endoplasms
  3 giant cockroaches
  3 goblins
  A hobgoblin (D:1)
  4 jackals (D:2)
  2 quokkas
  6 frilled lizards
  12 kobolds
  6 rats
107 creatures vanquished.

Vanquished Creatures (collateral kills)
  A bombardier beetle (D:5)
  An ufetubus (D:5)
2 creatures vanquished.

Vanquished Creatures (others)
  An orc (D:5)
1 creature vanquished.

Grand Total: 110 creatures vanquished

Notes
Turn   | Place    | Note
-------+----------+-------------------------------------------
     0 | D:1      | Kenran the Mountain Dwarf Ice Elementalist began the quest
                  | for the Orb.
     0 | D:1      | Reached XP level 1. HP: 14/14 MP: 3/3
    71 | D:1      | Reached skill level 1 in Fighting
   109 | D:1      | Reached XP level 2. HP: 23/24 MP: 1/4
   396 | D:1      | You fall into a shaft and drop 1 floor!
   462 | D:1      | Reached XP level 3. HP: 30/31 MP: 5/5
   521 | D:1      | Reached skill level 1 in Axes
   832 | D:2      | Reached skill level 2 in Axes
   915 | D:2      | Reached XP level 4. HP: 38/38 MP: 4/6
  1145 | D:2      | Reached skill level 3 in Axes
  1822 | D:3      | Noticed Ijyb
  1829 | D:3      | Killed Ijyb
  1830 | D:3      | Reached skill level 4 in Axes
  1845 | D:3      | Reached XP level 5. HP: 45/45 MP: 2/7
  2061 | D:3      | Noticed Terence
  2067 | D:3      | Killed Terence
  2290 | D:3      | Reached skill level 5 in Axes
  2356 | D:3      | Found a sparkling altar of Nemelex Xobeh.
  2365 | D:3      | Found a hide-covered altar of Uskayaw.
  2366 | D:3      | Found a snail-covered altar of Cheibriados.
  2366 | D:3      | Found a hazy altar of Hepliaklqana.
  2366 | D:3      | Found a glowing golden altar of the Shining One.
  2368 | D:3      | Found a sacrificial altar of Ru.
  2370 | D:3      | Found a shadowy altar of Dithmenos.
  2373 | D:3      | Became a worshipper of Hepliaklqana the Forgotten
  2563 | D:3      | Noticed Grinder
  2739 | D:3      | Paralysed by Grinder for 5 turns
  2810 | D:4      | Noticed a phantom
  2838 | D:4      | Killed a phantom
  2839 | D:4      | Reached skill level 6 in Axes
  2921 | D:4      | Reached XP level 6. HP: 35/51 MP: 6/8
  2987 | D:4      | Found a glowing drain.
  3070 | Sewer    | Entered a sewer
  3086 | Sewer    | Noticed Pargi
  3110 | Sewer    | Killed Pargi
  3111 | Sewer    | Reached skill level 7 in Axes
  3416 | Sewer    | Reached skill level 8 in Axes
  3416 | Sewer    | Reached XP level 7. HP: 30/57 MP: 3/9
  3567 | D:4      | Found Kudgh's Antique Weapon Emporium.
  3576 | D:4      | Identified the +2 leather armour "Birette" {rElec rN+}
  3761 | D:4      | Found Noeshuek's Weapon Boutique.
  3771 | D:4      | Found Duigout's Armour Shop.
  4153 | D:4      | Found Caveuni's Weapon Shoppe.
  4159 | D:4      | Reached skill level 9 in Axes
  4324 | D:4      | Bought a +0 war axe for 35 gold pieces
  4339 | D:4      | Identified the +0 ring mail of Ceitzel {Int+3 Slay+2}
  4357 | D:4      | Reached * piety under Hepliaklqana
  4634 | D:5      | Entered Level 5 of the Dungeon
  4962 | D:5      | Found a radiant altar of Vehumet.
  4971 | D:5      | Reached skill level 10 in Axes
  5002 | D:5      | Reached skill level 1 in Armour
  5035 | D:5      | Reached XP level 8. HP: 19/56 MP: 10/10
  5291 | D:5      | Found a shimmering blue altar of Sif Muna.
  5345 | D:5      | Noticed a troll
  5410 | D:5      | Slain by a troll

Illustrated notes

Levels and vault maps discovered:
D:1:      dpeg_arrival_radiant, layout_rooms, minmay_pentomino_w2
D:2:      layout_basic
D:3:      layout_loops_ring, minitemple, grunt_decor_mini_mirrors,
          kennysheep_big_empty_room, uniq_ijyb, uniq_grinder, uniq_terence
D:4:      layout_gridville, portal_sewer_entry_e, serial_shops,
          nicolae_shop_stone, nicolae_shop_tiny_waterfront, shop,
          nicolae_shop_pleasant_corner_grove, minmay_misc_feat_doors
D:5:      minmay_chambers_of_fours, layout_basic, vehumet_statue,
          lemuel_round_altar, nicolae_zig_zag_zippers

Skill      XL: |  1  2  3  4  5  6  7  8 |
---------------+-------------------------+-----
Fighting       | 1 3 4 |  4.1
Axes           | 2 4 6 8 10 | 10.0
Armour         | 1 2 |  2.5
Dodging        | |  1.3
Stealth        | |  1.4
Spellcasting   | |  1.7
Ice Magic      | |  3.6

Action                     |  1- 3 |  4- 6 |  7- 9 || total
---------------------------+-------+-------+-------++-------
  Melee: Unarmed           |     4 |       |       ||     4
         Hand axe          |    66 |   212 |    67 ||   345
         War axe           |       |       |    89 ||    89
   Cast: Freeze            |    14 |    59 |    14 ||    87
 Invoke: Recall Ancestor   |       |       |     1 ||     1
    Use: Scroll            |     3 |     3 |       ||     6
         Potion            |       |     1 |     1 ||     2
   Stab: Sleeping          |     1 |     2 |       ||     3
         Distracted        |       |       |     1 ||     1
 Armour: Robe              |     3 |       |       ||     3
         Leather armour    |    45 |   182 |    53 ||   280
         Ring mail         |     1 |       |    72 ||    73
  Dodge: Dodged            |    58 |   143 |    90 ||   291

Table legend: (Time is in decaauts)
 A = Elapsed time spent in this place.
 B = Non-inter-level travel time spent in this place.
 C = Inter-level travel time spent in this place.
 D = Time resting spent in this place.
 E = Time spent auto-exploring this place.
 F = Levels seen in this place.
 G = Mean time per level.
                   A        B        C        D        E       F      G
               +--------+--------+--------+--------+--------+-----+--------+
         Total |   5409 |   5270 |    139 |   1820 |   2094 |   6 |  901.5 |
       Dungeon |   4969 |   4830 |    139 |   1583 |   2012 |   5 |  993.8 |
         Sewer |    440 |    440 |      0 |    237 |     82 |   1 |  440.0 |
               +--------+--------+--------+--------+--------+-----+--------+

Top non-repeatable levels by time:
     D:4: 1667 daAuts
     D:2: 1006 daAuts
     D:3: 984 daAuts
     D:1: 800 daAuts
     D:5: 510 daAuts
   Sewer: 440 daAuts
